 Dungeon Crawl Stone Soup version 0.26.1-11-gd32895ea62 (webtiles) character file.

Game seed: 6310647849283699376

114928 Tirrikindir the Severer (level 16, -7/144 HPs)
             Began as a Hill Orc Fighter on June 17, 2021.
             Was the Champion of Okawaru.
             Killed from afar by a bog body (35 damage)
             ... with a bolt of cold
             ... on level 3 of the Swamp.
             The game lasted 01:16:58 (35961 turns).

Tirrikindir the Severer (Hill Orc Fighter)         Turns: 35961, Time: 01:16:59

Health: -7/144     AC: 26    Str: 33    XL:     16   Next: 67%
Magic:  24/24      EV: 19    Int: 17    God:    Okawaru [******]
Gold:   2688       SH:  0    Dex: 13    Spells: 9/23 levels left

rFire    + . .     SeeInvis .   i - +5 battleaxe (flame)
rCold    . . .     Faith    .   (shield currently unavailable)
rNeg     . . .     Spirit   .   F - +1 scale mail of Altruism {Str+4 Int+5}
rPois    +         Reflect  .   p - +1 helmet of the Shining Light {rElec rF+ Str+2}
rElec    +         Harm     .   T - +1 cloak {rCorr}
rCorr    +         Rampage  .   U - +1 pair of gloves
Will     +....     Clarity  +   E - +2 pair of boots {run}
Stlth    +.........             L - amulet of magic regeneration
HPRegen  0.34/turn              t - ring of poison resistance
MPRegen  0.44/turn              s - +6 ring of strength

@: heroism, very slightly contaminated, quick
A: molten scales 1, agile 1, clarity
a: Renounce Religion, Heroism, Finesse


You were on level 3 of the Swamp.
You worshipped Okawaru.
Okawaru was exalted by your worship.
You visited 5 branches of the dungeon, and saw 27 of its levels.
You also visited: Sewer, Ossuary and Gauntlet.

You collected 3271 gold pieces.
You spent 583 gold pieces at shops.

Inventory:

Hand Weapons
 i - a +5 battleaxe of flaming (weapon)
Armour
 c - +1 ice dragon scales
 p - the +1 helmet of the Shining Light (worn) {rElec rF+ Str+2}
   (You found it in a Gauntlet)

   It affects your strength (+2).
   It protects you from fire.
   It insulates you from electricity.
 E - a +2 pair of boots of running (worn)
 F - the +1 scale mail of Altruism (worn) {Str+4 Int+5}
   (You found it on level 7 of the Dungeon)

   It affects your strength (+4).
   It affects your intelligence (+5).
 K - the +1 pair of gloves of Gozag's Anger {*Corrode rElec rF++ Stlth+}
   (You found it on level 10 of the Dungeon)

   It greatly protects you from fire.
   It insulates you from electricity.
   It may corrode you when you take damage.
   It makes you more stealthy.
 M - a scarf of resistance
 T - a +1 cloak of preservation (worn)
 U - a +1 pair of gloves (worn)
Jewellery
 a - an uncursed ring of willpower {unknown}
 s - a +6 ring of strength (right hand)
 t - a ring of poison resistance (left hand)
 u - an uncursed ring of protection from cold
 B - a +6 ring of strength
 L - an amulet of magic regeneration (around neck)
 V - an uncursed ring of protection from fire
 W - an uncursed ring of protection from cold
Wands
 f - a wand of paralysis (31)
 o - a wand of digging (9)
 z - a wand of disintegration (42)
 H - a wand of flame (19)
 O - a wand of enslavement (31)
 P - a wand of acid (26)
Scrolls
 b - a scroll of fear
 g - a scroll of enchant weapon
 h - a scroll of enchant armour
 j - 9 scrolls of teleportation
 q - 10 scrolls of remove curse
 x - 4 scrolls of amnesia
 y - a scroll of silence
 C - a scroll of fog
 I - 2 scrolls of blinking
 N - 2 scrolls of brand weapon
Potions
 d - a potion of resistance
 e - 2 potions of haste
 l - 10 potions of curing
 m - 2 potions of heal wounds
 n - a potion of cancellation
 r - 4 potions of flight
 w - a potion of might
 A - a potion of magic
Miscellaneous
 v - a lightning rod (4/4)
 Q - a phantom mirror


   Skills:
 * Level 13.2(18.2) Fighting
 * Level 16.0(21.0) Axes
 + Level 14.4(19.4) Armour
 + Level 9.5(14.5) Dodging
 - Level 3.2(8.2) Shields
 + Level 4.0 Spellcasting
 + Level 7.0 Conjurations
 * Level 11.3 Fire Magic
 + Level 11.0 Invocations
 + Level 7.2 Evocations


You had 9 spell levels left.
You knew the following spells:

 Your Spells              Type           Power        Failure   Level
a - Bolt of Magma         Conj/Fire/Erth 12%          45%         5
b - Conjure Flame         Conj/Fire      34%          1%          3
c - Foxfire               Conj/Fire      100%         1%          1
d - Fireball              Conj/Fire      17%          14%         5

Your spell library contained the following spells:

 Spells                   Type           Power        Failure   Level
 Shock                    Conj/Air       60%          5%          1
 Sticky Flame             Conj/Fire      34%          5%          4
 Inner Flame              Hex/Fire       22%          7%          3
 Static Discharge         Conj/Air       15%          16%         3
 Stone Arrow              Conj/Erth      30%          16%         3
 Animate Skeleton         Necr           6%           22%         1
 Beastly Appendage        Tmut           6%           22%         1
 Freeze                   Ice            12%          22%         1
 Pain                     Necr           12%          22%         1
 Sandblast                Erth           6%           22%         1
 Mephitic Cloud           Conj/Pois/Air  11%          26%         3
 Passwall                 Tmut/Erth      2%           34%         2
 Poisonous Vapours        Pois/Air       6%           34%         2
 Swiftness                Air            3%           34%         2
 Wereblood                Tmut           3%           34%         2
 Iskenderun's Battlesphe  Conj           27%          34%         5
 Hailstorm                Conj/Ice       15%          47%         4
 Frozen Ramparts          Ice            6%           56%         3
 Ozocubu's Armour         Ice            3%           56%         3
 Spider Form              Tmut/Pois      1%           56%         3
 Vampiric Draining        Necr           1%           56%         3
 Lightning Bolt           Conj/Air       7%           83%         5
 Airstrike                Air            1%           92%         4
 Animate Dead             Necr           1%           92%         4
 Ice Form                 Ice/Tmut       3%           92%         4
 Petrify                  Tmut/Erth      3%           92%         4
 Summon Ice Beast         Ice/Summ       3%           92%         4
 Agony                    Necr           3%           99%         5
 Blade Hands              Tmut           1%           99%         5
 Lee's Rapid Deconstruct  Erth           1%           99%         5
 Freezing Cloud           Conj/Ice/Air   5%           100%        6
 Iron Shot                Conj/Erth      7%           100%        6
 Orb of Destruction       Conj           13%          100%        7
 Spellforged Servitor     Conj/Summ      7%           100%        7
 Ignition                 Fire           21%          100%        8
 Shatter                  Erth           1%           100%        9
 Tornado                  Air            1%           100%        9


Dungeon Overview and Level Annotations

Branches:
Dungeon (15/15)            Temple (1/1) D:6            Lair (6/6) D:10
  Swamp (3/4) Lair:4        Snake (0/4) Lair:4        Slime (0/5) Lair:6
    Orc (2/2) D:12            Elf (0/3) Orc:2        Vaults (0/5) D:14
 Depths (0/5) D:15          Sewer (visited)         Ossuary (visited)
Gauntlet (visited)

Altars:
Ashenzari
Cheibriados
Dithmenos
Elyvilon
Fedhas
Gozag
Hepliaklqana
Kikubaaqudgha
Makhleb
Nemelex Xobeh
Okawaru
Qazlal
Ru
Sif Muna
Trog
Uskayaw
Vehumet
Wu Jian
Xom
Yredelemnul
Zin
The Shining One
Beogh
Jiyva

Shops:
D:10 (   Orc:2 *[(:

Annotations:
D:6 1 runed translucent door
Swamp:3 Mara


Innate Abilities, Weirdness & Mutations

You are partially covered in molten scales. (AC +2)
You are agile. (Dex +2)
You possess an exceptional clarity of mind.


Message History

The will-o-the-wisp blinks!
The will-o-the-wisp gestures.
The will-o-the-wisp conjures some foxfire! 2 foxfires come into view.
You barely miss the will-o-the-wisp.
The will-o-the-wisp is lightly damaged.
You slash the foxfire! You hit the foxfire. The foxfire hits you! You resist.
* * * LOW HITPOINT WARNING * * *
The foxfire hits you! You resist.
* * * LOW HITPOINT WARNING * * *
The will-o-the-wisp engulfs you!
* * * LOW HITPOINT WARNING * * *
You slice the will-o-the-wisp!! You burn the will-o-the-wisp.
You destroy the will-o-the-wisp!
Okawaru accepts your kill.
You flicker back into view.
You feel better.
The bog body gestures at you while chanting.
The bolt of cold hits you!!
You die...

≈≈....♣♣...≈§≈≈≈≈
.. ♣.......≈≈≈≈≈.
..≈
♣≈.†††..≈≈≈≈..
...(
♣.<.≈†≈.≈≈≈≈.. ♣
♣♣.†§≈≈≈.≈°°°n.
♣≈♣♣.≈≈≈.≈.♣♣♣.≈
♣≈≈..≈§≈.n.♣ .
♣.≈≈≈≈≈..♣♣
≈≈.♣≈.≈≈@♣♣♣
≈.≈≈♣≈....≈≈♣
≈...≈.....≈♣♣
≈≈≈≈....♣♣♣
≈≈≈≈♣♣≈♣♣ ≈≈§. ≈♣
.≈≈ .. ..≈ ...


You could see a bog body.

Vanquished Creatures
  Saint Roka (Orc:2)
  Rupert (Orc:2)
  Frances (D:14)
  A dire elephant (D:15)
  A minotaur (Gauntlet)
  Snorg (D:11)
  2 bunyips
  An ettin (Orc:1)
  4 eleionomae
  2 boulder beetles
  Fannar (D:10)
  9 hydras
  A catoblepas (Lair:6)
  3 centaur warriors
  8 two-headed ogres
  3 death yaks (Lair:6)
  3 alligators
  3 tengu warriors
  An orc high priest (Orc:2)
  Urug (D:10)
  The ghost of Maskex the Geomancer, a novice GrEE of Vehumet (Orc:1)
  A soul eater (Gauntlet)
  2 goliath frogs
  4 skeletal warriors (D:14)
  3 unseen horrors
  A bog body (Lair:4)
  2 swamp dragons
  A wizard (D:14)
  A spriggan druid (Swamp:3)
  Pikel (D:8)
  3 orc knights (Orc:2)
  9 ugly things
  3 lindwurms
  2 necromancers (D:14)
  A wolf spider (D:15)
  2 deep elf magi (D:15)
  3 cyclopes
  5 manticores
  2 orc sorcerers (Orc:2)
  2 will-o-the-wisps
  A centaur zombie (D:15)
  11 elephants
  A torpor snail (Lair:5)
  Maurice (D:10)
  A gargoyle (D:14)
  6 centaur skeletons
  13 cane toads
  3 black mambas
  Maggie (D:8)
  10 komodo dragons
  An efreet (D:14)
  A redback zombie (D:13)
  2 rime drakes
  A kobold demonologist (D:11)
  4 polar bears
  5 trolls
  3 meliai (D:14)
  3 hornets
  8 tyrant leeches
  20 blink frogs
  2 dream sheep (Lair:6)
  8 slime creatures
  3 shadows
  2 centaur simulacra (D:11)
  9 wyverns
  5 wraiths
  50 yaks
  A vampire (D:13)
  2 basilisks
  A steam dragon (D:11)
  2 wargs
  11 vampire mosquitoes
  2 acid dragons
  8 swamp worms
  25 water moccasins
  27 orc warriors
  3 black bears
  An ice beast (D:8)
  3 phantoms
  13 ogres
  5 sky beasts
  16 wolves
  A necrophage (D:13)
  5 centaurs
  2 lemures (D:8)
  7 big kobolds
  22 bullfrogs
  4 water moccasin zombies (Ossuary)
  A hornet simulacrum (D:15)
  A wyvern skeleton (D:7)
  2 scorpions
  17 killer bees
  2 water moccasin skeletons (D:5)
  11 wights
  8 electric eels
  4 howler monkeys
  A crimson imp (D:7)
  2 bullfrog zombies
  9 hounds
  A jelly (D:7)
  16 orc priests
  29 orc wizards
  4 bullfrog skeletons
  14 worker ants
  7 iguanas
  6 hell rats (Lair:6)
  A killer bee zombie (D:7)
  4 big kobold zombies (Ossuary)
  A hound zombie (D:7)
  2 mummies (Ossuary)
  A howler monkey zombie (D:8)
  A worker ant zombie (D:5)
  2 howler monkey skeletons
  14 adders
  10 gnolls
  4 river rats
  A hound simulacrum (D:11)
  6 shadow imps
  5 white imps
  A worker ant simulacrum (D:11)
  3 ufetubi
  An ooze (D:7)
  2 adder skeletons (D:5)
  4 adder zombies
  3 worms
  3 leopard geckos
  74 orcs
  A bat skeleton (D:2)
  A bat zombie (D:2)
  8 giant cockroaches
  A gnoll zombie (Ossuary)
  8 goblins
  11 hobgoblins
  9 jackals
  9 quokkas
  2 ball pythons
  2 ball python zombies
  11 bats
  3 frilled lizards
  A goblin zombie (D:5)
  9 hobgoblin zombies (Ossuary)
  A jackal skeleton (D:2)
  35 kobolds
  2 kobold zombies (Ossuary)
  A leopard gecko skeleton (D:6)
  A leopard gecko zombie (D:6)
  6 orc zombies (Ossuary)
  A quokka zombie (D:5)
  11 rats
  A bush (Lair:4)
846 creatures vanquished.

Vanquished Creatures (collateral kills)
  8 foxfires
8 creatures vanquished.

Vanquished Creatures (others)
  A tengu conjurer (D:14)
  An orc wizard (D:14)
  2 orcs (D:14)
  154 foxfires
  41 fungi
  64 plants
  4 withered plants (D:2)
267 creatures vanquished.

Grand Total: 1121 creatures vanquished

Notes
Turn   | Place    | Note
-------+----------+-------------------------------------------
     0 | D:1      | Tirrikindir the Hill Orc Fighter began the quest for the
                  | Orb.
     0 | D:1      | Reached XP level 1. HP: 19/19 MP: 1/1
   120 | D:1      | Reached skill level 3 in Axes
   157 | D:1      | Reached XP level 2. HP: 27/27 MP: 2/2
   641 | D:1      | Reached XP level 3. HP: 31/33 MP: 3/3
   956 | D:2      | Reached skill level 1 in Dodging
   977 | D:2      | Gained mutation: You possess an exceptional clarity of
                  | mind. [potion of mutation]
   977 | D:2      | Gained mutation: You are agile. (Dex +2) [potion of
                  | mutation]
   977 | D:2      | Gained mutation: You are partially covered in molten
                  | scales. (AC +2) [potion of mutation]
  1057 | D:2      | Reached XP level 4. HP: 40/40 MP: 4/4
  1101 | D:2      | Reached skill level 4 in Axes
  2487 | D:3      | Reached XP level 5. HP: 34/47 MP: 5/5
  2794 | D:4      | Reached skill level 5 in Axes
  2830 | D:4      | Reached XP level 6. HP: 38/53 MP: 6/6
  2862 | D:4      | Found a glowing drain.
  2903 | Sewer    | Entered a sewer
  3120 | Sewer    | Reached skill level 5 in Fighting
  3120 | Sewer    | Reached skill level 6 in Axes
  3325 | Sewer    | Found a white marble altar of Elyvilon.
  3564 | D:4      | Found a transporter.
  3600 | D:4      | Reached XP level 7. HP: 54/61 MP: 7/7
  3758 | D:4      | Reached skill level 7 in Axes
  3758 | D:4      | Reached skill level 5 in Armour
  4073 | D:4      | Found a transporter.
  4241 | D:5      | Entered Level 5 of the Dungeon
  4282 | D:5      | Reached skill level 8 in Axes
  4400 | D:5      | Reached XP level 8. HP: 45/68 MP: 8/8
  4411 | D:5      | Reached skill level 9 in Axes
  4427 | D:5      | Found a sand-covered staircase.
  4441 | Ossuary  | Entered an ossuary
  4658 | Ossuary  | Reached skill level 1 in Evocations
  5626 | D:5      | Reached XP level 9. HP: 58/75 MP: 9/9
  5767 | D:5      | Reached skill level 10 in Axes
  5968 | D:6      | Got a heavily jewelled robe
  5978 | D:6      | Identified the +1 robe of Music {-Cast Int+7} (You found it
                  | on level 6 of the Dungeon)
  6270 | D:6      | Found a staircase to the Ecumenical Temple.
  6277 | Temple   | Entered the Ecumenical Temple
  6323 | Temple   | Became a worshipper of Warmaster Okawaru
  6547 | D:6      | Found a glowing golden altar of the Shining One.
  6547 | D:6      | Noticed an angel
  6548 | D:6      | Found a runed translucent door.
  6702 | D:6      | Reached skill level 1 in Invocations
  7238 | D:7      | Killed an unseen horror
  7238 | D:7      | Reached * piety under Okawaru
  7462 | D:7      | Reached skill level 5 in Dodging
  7463 | D:7      | Reached ** piety under Okawaru
  7661 | D:7      | Got an ichor-stained scale mail
  7671 | D:7      | Identified the +1 scale mail of Altruism {Str+4 Int+5} (You
                  | found it on level 7 of the Dungeon)
  7854 | D:7      | Reached XP level 10. HP: 83/84 MP: 13/13
  7885 | D:7      | Found a shimmering blue altar of Sif Muna.
  8109 | D:7      | Reached skill level 11 in Axes
  8308 | D:7      | Learned a level 5 spell: Bolt of Magma
  8546 | D:8      | Reached skill level 5 in Invocations
  8642 | D:8      | Reached skill level 1 in Fire Magic
  8718 | D:8      | Found a shimmering altar of Xom.
  8740 | D:8      | Reached skill level 1 in Conjurations
  8814 | D:8      | Noticed Maggie
  8821 | D:8      | Killed Maggie
  8821 | D:8      | Reached *** piety under Okawaru
  9264 | D:8      | Noticed Pikel
  9283 | D:8      | Killed Pikel
  9284 | D:8      | Reached skill level 1 in Spellcasting
  9361 | D:8      | Learned a level 3 spell: Conjure Flame
  9507 | D:9      | Noticed a cyclops
  9516 | D:9      | Killed a cyclops
  9731 | D:9      | Learned a level 1 spell: Foxfire
  9767 | D:9      | Got a spiked leather armour
  9777 | D:9      | Identified the +0 leather armour "Inkoukamn" {Harm Str-2
                  | Int+4 Dex+5} (You found it on level 9 of the Dungeon)
 10043 | D:9      | Reached **** piety under Okawaru
 10044 | D:9      | Reached XP level 11. HP: 58/92 MP: 15/15
 10508 | D:10     | Entered Level 10 of the Dungeon
 10623 | D:10     | Noticed Urug
 10637 | D:10     | Killed Urug
 10966 | D:10     | Reached skill level 12 in Axes
 11106 | D:10     | Found Ityod's Weapon Shop.
 11146 | D:10     | Reached ***** piety under Okawaru
 11464 | D:10     | Noticed Fannar
 11477 | D:10     | Killed Fannar
 11478 | D:10     | Noticed Maurice
 11479 | D:10     | Found a staircase to the Lair.
 11486 | D:10     | Killed Maurice
 11631 | D:10     | Got a pair of shimmering gloves
 11636 | D:10     | Identified the +1 pair of gloves of Gozag's Anger {*Corrode
                  | rElec rF++ Stlth+} (You found it on level 10 of the
                  | Dungeon)
 12514 | D:11     | Received a gift from Okawaru
 12557 | D:11     | Noticed a two-headed ogre
 12700 | D:11     | Killed a two-headed ogre
 13186 | D:11     | Reached XP level 12. HP: 101/101 MP: 18/18
 13296 | D:11     | Noticed Snorg
 13305 | D:11     | Killed Snorg
 13305 | D:11     | Received a gift from Okawaru
 13306 | D:11     | Got a fine rapier {god gift}
 13596 | D:11     | Reached skill level 13 in Axes
 13673 | D:11     | Noticed a seven-headed hydra
 13688 | D:11     | Killed a three-headed hydra
 13689 | D:11     | Reached skill level 10 in Armour
 14284 | D:12     | Noticed a two-headed ogre
 14298 | D:12     | Killed a two-headed ogre
 14863 | D:12     | Received a gift from Okawaru
 14902 | D:12     | Reached skill level 5 in Fire Magic
 14902 | D:12     | Reached skill level 10 in Invocations
 14912 | D:12     | Identified a +1 pair of boots of running (Okawaru gifted it
                  | to you on level 12 of the Dungeon)
 15484 | D:12     | Reached XP level 13. HP: 79/111 MP: 20/20
 16263 | D:12     | Found a staircase to the Orcish Mines.
 16364 | D:13     | Reached skill level 14 in Axes
 16958 | D:13     | Found a shadowy altar of Dithmenos.
 16975 | D:13     | Reached ****** piety under Okawaru
 17529 | Lair:1   | Entered Level 1 of the Lair of Beasts
 17536 | Lair:1   | Received a gift from Okawaru
 17550 | Lair:1   | Got an ancient scale mail {god gift}
 17582 | Lair:1   | Identified the +5 scale mail of the Mind {-Cast Rampage
                  | rCorr Dex+5} (Okawaru gifted it to you on level 1 of the
                  | Lair of Beasts)
 20272 | Lair:3   | Reached skill level 15 in Axes
 20552 | Lair:3   | Reached skill level 10 in Fighting
 20844 | Lair:3   | Reached XP level 14. HP: 113/121 MP: 21/21
 21348 | Lair:4   | Found a staircase to the Snake Pit.
 21581 | Lair:4   | Found a staircase to the Swamp.
 21595 | Lair:4   | Learned a level 5 spell: Fireball
 21846 | Lair:4   | Received a gift from Okawaru
 23224 | Lair:5   | Got a distressingly furry ring mail
 23234 | Lair:5   | Identified the cursed +0 ring mail of Sin {+Fly Will+} (You
                  | found it on level 5 of the Lair of Beasts)
 24412 | D:14     | Noticed Frances
 24424 | D:14     | Killed Frances
 24464 | D:14     | Reached skill level 5 in Evocations
 24493 | D:14     | Found a gate to the Vaults.
 24532 | D:14     | Found a gate leading to a gauntlet.
 24550 | Gauntlet | Entered a Gauntlet
 24550 | Gauntlet | Found a transporter.
 24870 | Gauntlet | Found a transporter.
 24874 | Gauntlet | Found a transporter.
 24879 | Gauntlet | Found a transporter.
 24889 | Gauntlet | Found a transporter.
 24890 | Gauntlet | Found a transporter.
 24894 | Gauntlet | Noticed a dire elephant
 24895 | Gauntlet | Found a transporter.
 24906 | Gauntlet | Found a transporter.
 24907 | Gauntlet | Found a transporter.
 24911 | Gauntlet | Found a transporter.
 24918 | Gauntlet | Found a transporter.
 24922 | Gauntlet | Found a transporter.
 24926 | Gauntlet | Found a runed translucent door.
 24927 | Gauntlet | Found a transporter.
 24930 | Gauntlet | Found a runed translucent door.
 24934 | Gauntlet | Found a transporter.
 25066 | Gauntlet | Identified the +4 mace "Wuvvubiu" {holy, +Fly rPois}
 25073 | Gauntlet | Received a gift from Okawaru
 25079 | Gauntlet | Got a fine helmet
 25110 | Gauntlet | Identified the +1 helmet of the Shining Light {rElec rF+
                  | Str+2} (You found it in a Gauntlet)
 26079 | D:14     | Reached XP level 15. HP: 98/130 MP: 22/22
 26292 | D:14     | Reached skill level 5 in Conjurations
 26417 | D:15     | Entered Level 15 of the Dungeon
 26816 | D:15     | Received a gift from Okawaru
 27597 | D:15     | Found a staircase to the Depths.
 27614 | D:15     | Received a gift from Okawaru
 27927 | Lair:6   | Entered Level 6 of the Lair of Beasts
 28142 | Lair:6   | Reached skill level 10 in Fire Magic
 28798 | Lair:6   | Found a viscous altar of Jiyva.
 28798 | Lair:6   | Found a staircase to the Slime Pits.
 28936 | Lair:6   | Received a gift from Okawaru
 29151 | Lair:6   | HP: 1/133 [death yak (17)]
 30263 | Orc:1    | Entered Level 1 of the Orcish Mines
 30285 | Orc:1    | Found a transporter.
 30286 | Orc:1    | Noticed Maskex's ghost (novice GrEE)
 30289 | Orc:1    | Found a transporter.
 30291 | Orc:1    | Identified the +8 great mace of the Eel {drain, +Rage}
 30291 | Orc:1    | Identified the +10 great mace of Ru's Hope {freeze, rF+
                  | Int+4}
 30895 | Orc:1    | Killed Maskex's ghost
 31191 | Orc:2    | Entered Level 2 of the Orcish Mines
 31377 | Orc:2    | Noticed Rupert
 31391 | Orc:2    | Killed Rupert
 31392 | Orc:2    | Reached XP level 16. HP: 52/141 MP: 23/23
 31392 | Orc:2    | Noticed Saint Roka
 31858 | Orc:2    | Found a roughly hewn altar of Beogh.
 31863 | Orc:2    | Found Banar's General Store.
 31882 | Orc:2    | Found Vaakyott's Book Boutique.
 31898 | Orc:2    | Found Fuug's Antique Weapon Boutique.
 31932 | Orc:2    | Bought a scroll of identify for 34 gold pieces
 31941 | Orc:2    | Found Ikumarph's Antique Armour Boutique.
 32266 | Orc:2    | Killed Saint Roka
 32949 | Orc:2    | Found a staircase to the Elven Halls.
 33264 | Orc:2    | Bought a faintly humming helmet for 294 gold pieces
 33275 | Orc:2    | Identified the -4 helmet of Subjectivity {rPois} (You
                  | bought it in a shop on level 2 of the Orcish Mines)
 33301 | Orc:2    | Bought a potion of resistance for 170 gold pieces
 33301 | Orc:2    | Bought a potion of heal wounds for 85 gold pieces
 33525 | Swamp:1  | Entered Level 1 of the Swamp
 34177 | Swamp:1  | You fall into a shaft and drop 1 floor!
 34420 | Swamp:2  | Received a gift from Okawaru
 34652 | Swamp:2  | Received a gift from Okawaru
 35508 | Swamp:3  | Noticed Mara
 35520 | Swamp:3  | Reached skill level 16 in Axes
 35961 | Swamp:3  | Killed from afar by a bog body

Illustrated notes

Levels and vault maps discovered:
D:1:      psy_arrival_whirlpool, layout_loops_ring
D:2:      layout_basic, serial_undead, serial_undead_f, serial_undead_f,
          serial_undead_c, serial_undead_e
D:3:      layout_loops_cross
D:4:      gammafunk_wand_slinger, layout_basic, portal_sewer_entry_b
D:5:      cheibrodos_two_vegetables, layout_loops_ring, enter_ossuary_4,
          grunt_decor_cap, feat_on_display
D:6:      layout_loops_ring, minmay_temple_entry_hall, lemuel_angel_altar
D:7:      kennysheep_orc_sif_temple, layout_loops_ring, minmay_fire_ice_demons
D:8:      layout_loops_cross, general_overflow_altar, minmay_tree_intersection,
          uniq_pikel, uniq_maggie
D:9:      layout_roguey
D:10:     layout_loops_ring, dpeg_oklobed_lair, serial_shops, shop,
          palyth_stone_intersect, uniq_fannar, uniq_urug, uniq_maurice
D:11:     layout_basic, serial_ice, serial_ice_d, serial_ice_g, serial_ice_a,
          serial_ice_k, serial_ice_b, serial_ice_c, serial_ice_m, uniq_snorg
D:12:     layout_stronghold, orc_0_dummy, serial_rivers,
          chequers_serial_rivers_large_a, chequers_serial_rivers_room_b,
          chequers_serial_rivers_small_a, chequers_serial_rivers_small_a,
          chequers_serial_rivers_marsh, chequers_serial_rivers_micro_c
D:13:     layout_big_octagon, basic_altar
D:14:     layout_irregular_city, david_vaults_1, gauntlet_entry_generic,
          serial_column_ruins, column_ruins_corridor_dead_end,
          column_ruins_grid_1, column_ruins_corridor_corner,
          column_ruins_open_tiny, column_ruins_open_large,
          column_ruins_corridor_straight, infiniplex_staircase_zigzag_2,
          uniq_frances
D:15:     hangedman_depths_entry_try_elsewhere_first, layout_loops_corners,
          serial_park_paths [serial_park_minivault_5x5_1]
Temple:   nicolae_temple_the_god_donut
Lair:1:   layout_chaotic_city, infiniplex_staircase_pool
Lair:2:   layout_long_grid, bh_autumn_forest_stairs, grunt_megastairs_2
Lair:3:   layout_cave_pods
Lair:4:   layout_regular_city, skrybe_swamp_entry_bodies,
          minmay_snake_entry_six_corridors, chequers_serial_rivers_large_b
Lair:5:   layout_gridlike
Lair:6:   hangedman_lair_in_review, layout_loops_ring, slime_altar_1
Swamp:1:  layout_basic_swamp, evilmike_swamp_ruin_rubble_2, swamp_pool2
Swamp:2:  layout_basic_swamp, evilmike_swamp_ruin_rubble_1
Swamp:3:  layout_basic_swamp, evilmike_swamp_ruin_house_4, uniq_mara
Orc:1:    layout_diamond_mine, gammafunk_ghost_smash, mines_bat_river
Orc:2:    grunt_orc_cross, layout_diamond_mine, nicolae_orc_lava_tube,
          nicolae_orc_damp_corner, uniq_rupert

Skill      XL: |  1  2  3  4  5  6  7  8  9 10 11 12 13 14 15 16 |
---------------+-------------------------------------------------+-----
Axes           | 3 4 5 6 8 9 10 11 12 13 15 16 | 16.0
Fighting       | 4 5 6 7 8 9 10 11 12 13 | 13.2
Dodging        | 1 2 3 4 5 6 7 9 |  9.5
Armour         | 4 5 6 7 8 9 10 12 13 14 | 14.4
Evocations     | 2 3 5 6 7 |  7.2
Invocations    | 4 6 8 10 11 | 11.0
Fire Magic     | 2 3 5 6 8 10 11 | 11.3
Conjurations   | 2 3 4 6 7 |  7.0
Spellcasting   | 1 2 3 4 |  4.0
Shields        | |  3.2

Action                   |  1- 3 |  4- 6 |  7- 9 | 10-12 | 13-15 | 16-18 || total
-------------------------+-------+-------+-------+-------+-------+-------++-------
Melee: War axe           |   140 |   261 |   487 |    61 |       |       ||   949
       Battleaxe         |       |       |       |   544 |   941 |   262 ||  1747
Throw: Dart              |       |     2 |     1 |     4 |       |       ||     7
 Cast: Foxfire           |       |       |       |    41 |    44 |     3 ||    88
       Conjure Flame     |       |       |       |     1 |       |       ||     1
Invok: Heroism           |       |       |       |     9 |    11 |     7 ||    27
       Finesse           |       |       |       |       |       |     1 ||     1
Evoke: Wand              |       |       |       |     2 |       |       ||     2
  Use: Scroll            |     8 |     3 |     1 |    13 |    11 |     4 ||    40
       Potion            |     1 |       |     1 |     1 |    10 |     4 ||    17
 Stab: Paralysed         |       |       |       |     2 |       |       ||     2
       Petrifying        |       |       |       |       |     1 |       ||     1
       Petrified         |       |       |       |       |     1 |       ||     1
       Invisible         |       |       |       |       |       |    20 ||    20
Armor: Scale mail        |    64 |    50 |     4 |   284 |   499 |   102 ||  1003
       Chain mail        |       |   123 |   239 |       |       |       ||   362
Dodge: Dodged            |    48 |    62 |   127 |   412 |   770 |   228 ||  1647
Block: Kite shield       |    65 |   146 |   192 |    26 |       |       ||   429
       Buckler           |       |       |       |     1 |       |       ||     1
